 Dungeon Crawl Stone Soup version 0.31.0-11-ge490571c62 (webtiles) character file.

Game seed: 697922658686815324

9 browni3141 the Shooter (level 2, 22/22 HPs)
             Began as a Demonspawn Hunter on Jan 31, 2024.
             Got out of the dungeon alive.
             The game lasted 00:00:08 (107 turns).

browni3141 the Shooter (Demonspawn Hunter)           Turns: 107, Time: 00:00:08

Health: 22/22      AC:  3    Str: 11    XL:     2   Next: 6%
Magic:  2/2        EV: 12    Int: 11    God:
Gold:   0          SH:  0    Dex: 16    Spells: 1/1 levels left

rFire   . . .        a - +0 shortbow
rCold   . . .        (shield currently unavailable)
rNeg    . . .        c - +0 leather armour
rPois   .            (no helmet)
rElec   .            (no cloak)
rCorr   .            (no gloves)
SInv    .            (no boots)
Will    .....        (no amulet)
Stlth   ++           (no ring)
HPRegen 0.23/turn    (no ring)
MPRegen 0.08/turn

%: no passive effects
@: no status effects
A: big brain 1
a: no special abilities


You escaped.
You visited 1 branch of the dungeon, and saw 1 of its levels.

Inventory:

Hand Weapons
 a - a +0 shortbow (weapon)
Armour
 c - a +0 leather armour (worn)
Scrolls
 b - a scroll of butterflies
 d - 2 scrolls of teleportation {unknown}


   Skills:
 + Level 2.2 Fighting
 + Level 3.7 Ranged Weapons
 + Level 2.0 Dodging
 + Level 1.2 Stealth


You had one spell level left.
You didn't know any spells.
Your spell library was empty.

Dungeon Overview and Level Annotations

Branches:
Dungeon (1/15)

Altars:


Innate Abilities, Weirdness & Mutations

You have an unusually large brain. (Int +2)


Message History

Welcome, browni3141 the Demonspawn Hunter.
It's a long way down to the Orb of Zot, but that shouldn't be any trouble.
Press ? for a list of commands and other information.
Found a short sword.
Found a staircase leading out of the dungeon.
Setting a skill training target for Axes at 18.0.
Setting a skill training target for Invocations at 14.0.
Setting a skill training target for Throwing at 11.0.
No target in view!
No target in view!
A ball python comes into view.
The ball python hisses angrily.
You shoot an arrow.
The arrow barely misses the ball python.
A ball python is nearby!
A ball python is nearby!
A ball python is nearby!
You shoot an arrow.
The arrow barely misses the ball python.
You shoot an arrow. The arrow hits the ball python.
You kill the ball python!
You see here a ball python corpse.
d - 2 scrolls labelled FUUBBI ZORROID No target in view!
A goblin comes into view. It is wielding a +0 dagger.
You shoot an arrow. The arrow hits the goblin.
The goblin shouts!
The goblin is heavily wounded.
A goblin is nearby!
You shoot an arrow. The arrow hits the goblin!
You kill the goblin!
Your Stealth skill increases to level 1!
A jackal comes into view.
You shoot an arrow.
The arrow hits the jackal but does no damage.
The jackal barks!
You hear a bark! x2
An endoplasm comes into view.
There are monsters nearby!
You shoot an arrow. The arrow hits the jackal!
You kill the jackal!
A jackal comes into view.
There are monsters nearby!
You shoot an arrow. The arrow hits the endoplasm.
The endoplasm is almost dead.
There are monsters nearby!
You shoot an arrow. The arrow hits the endoplasm.
You kill the endoplasm!
A jackal is nearby!
A jackal is nearby!
You shoot an arrow. The arrow barely misses the jackal.
You shoot an arrow. The arrow hits the jackal.
You kill the jackal!
A bat comes into view.
You shoot an arrow. The arrow misses the bat.
The bat hits you but does no damage.
A bat is nearby!
You shoot an arrow.
The arrow hits the bat but does no damage.
The bat misses you.
A bat is nearby!
You shoot an arrow.
The arrow hits the bat but does no damage.
The bat hits you but does no damage.
A bat is nearby!
You shoot an arrow. The arrow barely misses the bat.
The bat barely misses you.
A bat is nearby!
You shoot an arrow. The arrow hits the bat.
You kill the bat!
Your Dodging skill increases to level 2!
You have reached level 2!
Your demonic ancestry asserts itself...
Your brain expands.
A jackal comes into view.
The jackal moves out of view.
You can't go up here!
You can't go up here!
A jackal is nearby!
You shoot an arrow. The jackal barks!
The arrow hits the jackal but does no damage.
You shoot an arrow. The arrow hits the jackal.
The jackal is severely wounded.
You shoot an arrow. The arrow hits the jackal.
You kill the jackal!
No target in view!
No target in view!
No target in view!
There is a staircase leading out of the dungeon here.
You have escaped!

#. #.........#.#
#.#####.###....... ..
....[............###.##.
.......##.#....#####...
....†..##...#####...##.#
.......###..###.....##.#
.......# ###........##.#
.......# ##........)## .......#
##....@....### .†.#####
###....♣....########## ...#
##.........##........ ...#
#.##........##........ ...#
#.##.....###..........
#.#########.##...#####.#†.......
#.........#...#####....#........
#.........###.###...............
#.........# #......#####........


There were no monsters in sight!

Vanquished Creatures
  A ball python (D:1)
  A bat (D:1)
  An endoplasm (D:1)
  A goblin (D:1)
  3 jackals (D:1)
7 creatures vanquished.

Notes
Turn   | Place    | Note
-------+----------+-------------------------------------------
     0 | D:1      | browni3141 the Demonspawn Hunter began the quest for the
                  | Orb.
     0 | D:1      | Reached XP level 1. HP: 16/16 MP: 1/1
    49 | D:1      | Reached skill level 1 in Stealth
    88 | D:1      | Gained mutation: You have an unusually large brain. (Int
                  | +2) [demonic ancestry]
    88 | D:1      | Reached XP level 2. HP: 22/22 MP: 2/2
   107 | D:$      | Got out of the dungeon alive.

Illustrated notes

Levels and vault maps discovered:
D:1:      spicycebolla_green_bress_n_ham, layout_basic, due_unseen_surprise

Skill      XL: |  1 |
---------------+----+-----
Stealth        | 1 |  1.2
Dodging        | 2 |  2.0
Fighting       | |  2.2
Ranged Weapons | |  3.7

Action                     || total
---------------------------++-------
   Fire: Shortbow          ||    19
 Armour: Leather armour    ||     2
  Dodge: Dodged            ||     2
